 Dungeon Crawl Stone Soup version 0.29-a0-341-g24ffce5b50 (webtiles) character file.

Game seed: 1938529878979072668

9 Hubjo the Ducker (level 2, 0/18 HPs)
             Began as a Deep Elf Monk on Apr 20, 2022.
             Was a Believer of Makhleb.
             Killed from afar by a dart slug (2 damage)
             ... with a slug dart
             ... on level 2 of the Dungeon.
             The game lasted 00:01:20 (1337 turns).

Hubjo the Ducker (Deep Elf Monk)                    Turns: 1337, Time: 00:01:20

Health: 0/18       AC:  2    Str:  8    XL:     2   Next: 6%
Magic:  5/5        EV: 13    Int: 14    God:    Makhleb [**....]
Gold:   0          SH:  0    Dex: 17    Spells: 2/2 levels left

rFire   . . .      SeeInvis .   a - +0 short sword
rCold   . . .      Faith    .   (no shield)
rNeg    . . .      Spirit   .   b - +0 robe
rPois   .          Reflect  .   (no helmet)
rElec   .          Harm     .   (no cloak)
rCorr   .          Rampage  .   (no gloves)
Will    .....                   (no boots)
Stlth   ++........              (no amulet)
HPRegen 0.06/turn               (no ring)
MPRegen 0.09/turn               (no ring)

@: no status effects
A: no striking features
a: Renounce Religion, Minor Destruction


You were on level 2 of the Dungeon.
You worshipped Makhleb.
Makhleb was pleased with you.
You visited 1 branch of the dungeon, and saw 2 of its levels.

Inventory:

Hand Weapons
 a - a +0 short sword (weapon)
Armour
 b - a +0 robe (worn)
Scrolls
 e - a scroll of teleportation {unknown}
 f - a scroll of fear
 h - a scroll of blinking {unknown}
Potions
 c - a potion of ambrosia
 g - 2 potions of might


   Skills:
 * Level 2.6 Fighting
 - Level 3.0 Short Blades
 - Level 3.6 Dodging
 * Level 3.0 Stealth
 + Level 0.8 Spellcasting


You had 2 spell levels left.
You didn't know any spells.
Your spell library was empty.

Dungeon Overview and Level Annotations

Branches:
Dungeon (2/15)

Altars:
Makhleb


Message History

The dart slug bites you. The dart slug misses you. The dart slug bites you.
The dart slug closely misses you. The dart slug closely misses you.
The dart slug bites you. The dart slug completely misses you.
The dart slug closely misses you. The dart slug misses you.
The dart slug closely misses you. The dart slug launches a dart at you.
The slug dart misses you. The dart slug bites you.
The dart slug launches a dart at you. The slug dart misses you.
The dart slug bites you but does no damage.
The dart slug launches a dart at you. The slug dart hits you.
The dart slug launches a dart at you. The slug dart misses you.
The dart slug barely misses you. The dart slug closely misses you.
The dart slug launches a dart at you. The slug dart misses you.
The dart slug closely misses you. The dart slug barely misses you.
The dart slug misses you. The dart slug launches a dart at you.
The slug dart misses you. The dart slug bites you.
* * * LOW HITPOINT WARNING * * *
The dart slug closely misses you. The dart slug launches a dart at you.
The slug dart hits you.
* * * LOW HITPOINT WARNING * * *
The dart slug bites you.
* * * LOW HITPOINT WARNING * * *
The dart slug launches a dart at you. The slug dart hits you.
You die...

>.......#########..#
.####.........# #..#
#########.###..#
#######......#
........####.#
########.####.##
#.....#.....^..#
#.###.#..###..##
#..@........<.#
#.w##.#..###### #..
#.#..# #.. #.#..#
... #.#..# ....
..#..# ..... .....#
##.... ......


You could see a dart slug.

Vanquished Creatures
  A dart slug (D:1)
  A giant cockroach (D:1)
  A goblin (D:1)
  A quokka (D:1)
  A ball python (D:1)
  A frilled lizard (D:1)
  2 kobolds (D:1)
8 creatures vanquished.

Notes
Turn   | Place    | Note
-------+----------+-------------------------------------------
     0 | D:1      | Hubjo the Deep Elf Monk began the quest for the Orb.
     0 | D:1      | Reached XP level 1. HP: 13/13 MP: 3/3
   468 | D:1      | Found a faded altar of an unknown god.
   565 | D:1      | Reached XP level 2. HP: 18/18 MP: 5/5
  1187 | D:1      | Prayed at the altar of an unknown god.
  1187 | D:1      | Became a worshipper of Makhleb the Destroyer
  1187 | D:1      | Reached * piety under Makhleb
  1187 | D:1      | Reached ** piety under Makhleb
  1337 | D:2      | Killed from afar by a dart slug

Illustrated notes

Levels and vault maps discovered:
D:1:      kennysheep_arrival_seaside, layout_loops_corners,
          hellmonk_ecumenical_altar_arch_garden
D:2:      layout_basic

Skill      XL: |  1  2 |
---------------+-------+-----
Stealth        | 3 |  3.0
Fighting       | |  2.6
Short Blades   | |  3.0
Dodging        | |  3.6
Spellcasting   | |  0.8

Action                   || total
-------------------------++-------
Melee: Short sword       ||    20
  Use: Scroll            ||     2
 Stab: Sleeping          ||     3
Armor: Robe              ||     2
Dodge: Dodged            ||    30

Table legend: (Time is in decaauts)
 A = Elapsed time spent in this place.
 B = Non-inter-level travel time spent in this place.
 C = Inter-level travel time spent in this place.
 D = Time resting spent in this place.
 E = Time spent auto-exploring this place.
 F = Levels seen in this place.
 G = Mean time per level.
                   A        B        C        D        E       F      G
               +--------+--------+--------+--------+--------+-----+--------+
         Total |   1338 |   1256 |     82 |      0 |   1069 |   2 |  669.0 |
       Dungeon |   1338 |   1256 |     82 |      0 |   1069 |   2 |  669.0 |
               +--------+--------+--------+--------+--------+-----+--------+

Top non-repeatable levels by time:
     D:1: 1239 daAuts
     D:2: 98 daAuts
